 Dungeon Crawl Stone Soup version 0.31.0-11-ge490571c62 (webtiles) character file.

Game seed: 12853511902813346705

368 qw the Skirmisher (level 6, -4/35 HPs)
             Began as a Deep Elf Hunter on Feb 3, 2024.
             Slain by Pikel
             ... wielding a +0 whip of flaming
              (8 damage)
             ... on level 4 of the Dungeon.
             The game lasted 00:00:09 (2097 turns).

qw the Skirmisher (Deep Elf Hunter)                 Turns: 2097, Time: 00:00:10

Health: -4/35      AC:  7    Str: 10    XL:     6   Next: 41%
Magic:  8/8        EV: 11    Int: 14    God:
Gold:   54         SH:  0    Dex: 18    Spells: 5/5 levels left

rFire   . . .        a - +1 shortbow
rCold   . . .        (shield currently unavailable)
rNeg    . . .        b - +2 ring mail
rPois   .            (no helmet)
rElec   .            (no cloak)
rCorr   .            (no gloves)
SInv    .            (no boots)
Will    .....        k - amulet of the acrobat
Stlth   +            (no ring)
HPRegen 0.25/turn    (no ring)
MPRegen 0.11/turn

%: acrobat
@: about to teleport
A: no striking features
a: no special abilities


You were on level 4 of the Dungeon.
You visited 1 branch of the dungeon, and saw 4 of its levels.

You collected 138 gold pieces.
You spent 84 gold pieces at shops.


   Skills:
 - Level 2.0 Fighting
 - Level 10.0 Ranged Weapons
 + Level 2.6 Dodging
 - Level 1.2 Stealth


You had 5 spell levels left.
You didn't know any spells.
Your spell library was empty.

Inventory:

Hand Weapons
 a - a +1 shortbow (weapon)
Armour
 b - a +2 ring mail (worn)
Jewellery
 k - an amulet of the acrobat (around neck)
Wands
 c - a wand of digging (6)
Potions
 h - a potion of cancellation
 l - a potion of curing

Dungeon Overview and Level Annotations

Branches:
Dungeon (4/15)
 Temple: D:4-7

Altars:

Shops:
D:2 ?   D:3 [

Annotations:
D:4 Pikel


Message History

You shoot an arrow. The arrow hits the lemure.
The lemure is severely wounded.
The lemure barely misses you.
Pikel says, "You'll feel the lick of my whip!"
The lemure hits you.
You shoot an arrow. The arrow barely misses the lemure. x2
The arrow hits Pikel.
Pikel is lightly wounded.
The lemure hits you.
You shoot an arrow. The arrow closely misses the lemure.
The arrow hits the lemure.
The lemure is severely wounded.
The lemure hits you.
You shoot an arrow. The arrow hits the lemure.
The lemure is almost dead.
The lemure hits you.
You shoot an arrow. The arrow hits the lemure.
You kill the lemure!
That felt strangely unrewarding.
You shoot an arrow. The arrow closely misses the lemure.
The arrow hits Pikel!
Pikel is lightly wounded.
The lemure completely misses you.
You shoot an arrow. The arrow closely misses the lemure.
The arrow hits Pikel!
Pikel is moderately wounded.
You shoot an arrow.
The arrow hits Pikel but does no damage.
Pikel is moderately wounded.
You shoot an arrow. The arrow barely misses Pikel.
The arrow closely misses the lemure.
Pikel hits you with a +0 whip of flaming.
Pikel burns you.
2096 ||| READING scroll of teleportation.
As you read the scroll of teleportation, it crumbles to dust.
You feel strangely unstable. Pikel hits you but does no damage.
You shoot an arrow. The arrow closely misses Pikel.
The arrow hits the lemure.
The lemure is lightly wounded.
Pikel hits you with a +0 whip of flaming!
You die...
Pikel says, "See you in Hell!"

........#
........#######
#..............
#.........K.5>.
#..............
#..........55.K
####.....55#
#...######K#
#... #@# #...
#.# #...#
####%#
#...###....#
#...##..####
#......##
+....### #....#
#....#


You could see Pikel and 2 lemures.

Vanquished Creatures
  Sigmund (D:2)
  A sky beast (D:3)
  2 lemures (D:4)
  4 adders
  A dart slug (D:1)
  2 ribbon worms (D:2)
  6 bats
  5 endoplasms
  7 giant cockroaches
  6 goblins
  8 hobgoblins
  11 jackals
  8 quokkas
  6 ball pythons
  3 frilled lizards (D:1)
  4 kobolds
  5 rats
80 creatures vanquished.

Notes
Turn   | Place    | Note
-------+----------+-------------------------------------------
     0 | D:1      | qw the Deep Elf Hunter began the quest for the Orb.
     0 | D:1      | Reached XP level 1. HP: 12/12 MP: 3/3
     0 | D:1      | 0 ||| qw: Version: 0.3-a-157-g843a77d
     0 | D:1      | 0 ||| qw: Game counter: 4037
     0 | D:1      | 0 ||| qw: Melee chars always use a shield: true
     0 | D:1      | 0 ||| qw: God list: Okawaru
     0 | D:1      | 0 ||| qw: Allow faded altars: false
     0 | D:1      | 0 ||| qw: Do Orc after clearing Dungeon:15 true
     0 | D:1      | 0 ||| qw: Do second Lair branch before Depths: true
     0 | D:1      | 0 ||| qw: Lair rune preference: random
     0 | D:1      | 0 ||| qw: Goals: Normal
     0 | D:1      | 0 ||| PLANNING D:1-11
    12 | D:1      | 12 ||| RETREEEEATING.
    17 | D:1      | 17 ||| RETREEEEATING.
    19 | D:1      | 19 ||| RETREEEEATING.
    29 | D:1      | Reached skill level 6 in Ranged Weapons
    29 | D:1      | Reached XP level 2. HP: 16/16 MP: 4/4
   237 | D:1      | Reached XP level 3. HP: 20/20 MP: 5/5
   377 | D:1      | Reached skill level 7 in Ranged Weapons
   414 | D:1      | Found a faded altar of an unknown god.
   559 | D:1      | 559 ||| UPGRADING to +0 scale mail.
   569 | D:1      | 569 ||| DROPPING +0 leather armour.
   570 | D:1      | 570 ||| READING scroll labelled OCWUSYHAFY.
   571 | D:1      | 571 ||| DROPPING scroll of butterflies.
   782 | D:2      | Noticed Sigmund
   789 | D:2      | Reached XP level 4. HP: 17/25 MP: 6/6
   790 | D:2      | Killed Sigmund
   791 | D:2      | Reached skill level 9 in Ranged Weapons
   791 | D:2      | Reached XP level 5. HP: 12/29 MP: 7/7
   984 | D:2      | Found Saitsuph's Magic Scroll Emporium.
  1007 | D:2      | 1007 ||| SHOPLISTING scroll of enchant armour (90 gold,
                  | have 85).
  1007 | D:2      | 1007 ||| BUYING scroll of identify (24 gold).
  1007 | D:2      | Bought a scroll of identify for 24 gold pieces
  1007 | D:2      | 1007 ||| BUYING scroll of identify (24 gold).
  1007 | D:2      | Bought a scroll of identify for 24 gold pieces
  1007 | D:2      | 1007 ||| BUYING scroll of teleportation (36 gold).
  1007 | D:2      | Bought a scroll of teleportation for 36 gold pieces
  1303 | D:2      | 1303 ||| UPGRADING to +0 ring mail.
  1313 | D:2      | 1313 ||| DROPPING +0 scale mail.
  1314 | D:2      | 1314 ||| READING 3 scrolls of identify.
  1314 | D:2      | 1314 ||| IDENTIFYING coppery potion
  1315 | D:2      | 1315 ||| READING 2 scrolls of identify.
  1315 | D:2      | 1315 ||| IDENTIFYING scroll labelled ITAGGU GUVAIKUCSE
  1316 | D:2      | 1316 ||| DROPPING scroll of summoning.
  1345 | D:3      | 1345 ||| PLANNING SEWER
  1480 | D:3      | Found Qunnit's Antique Armour Boutique.
  1486 | D:3      | 1486 ||| SHOPLISTING ancient ring mail (252 gold, have 10).
  1486 | D:3      | 1486 ||| SHOPLISTING embroidered robe (103 gold, have 10).
  1486 | D:3      | 1486 ||| SHOPLISTING glowing cloak (210 gold, have 10).
  1486 | D:3      | 1486 ||| SHOPLISTING glowing robe (103 gold, have 10).
  1486 | D:3      | 1486 ||| SHOPLISTING pair of gloves (126 gold, have 10).
  1619 | D:3      | Reached XP level 6. HP: 35/35 MP: 8/8
  1798 | D:3      | Noticed a sky beast
  1805 | D:3      | Killed a sky beast
  1860 | D:3      | Reached skill level 10 in Ranged Weapons
  1969 | D:3      | 1969 ||| RIP SEWER
  2009 | D:3      | 2009 ||| PLANNING D:1-11
  2009 | D:3      | 2009 ||| UPGRADING to amulet of the acrobat.
  2014 | D:3      | 2014 ||| READING 2 scrolls of identify.
  2014 | D:3      | 2014 ||| IDENTIFYING white potion
  2015 | D:3      | 2015 ||| READING scroll of identify.
  2015 | D:3      | 2015 ||| IDENTIFYING 2 metallic black potions
  2016 | D:3      | 2016 ||| READING scroll labelled QADUISK ALEQUMP.
  2017 | D:3      | 2017 ||| READING scroll labelled NUUT CEAXOUROU.
  2017 | D:3      | 2017 ||| ENCHANTING +0 shortbow.
  2018 | D:3      | 2018 ||| READING 2 scrolls labelled MORPHI POSCH.
  2018 | D:3      | 2018 ||| ENCHANTING +0 ring mail.
  2019 | D:3      | 2019 ||| READING scroll of enchant armour.
  2019 | D:3      | 2019 ||| ENCHANTING +1 ring mail.
  2020 | D:3      | 2020 ||| DROPPING 2 potions of magic.
  2073 | D:4      | Noticed Pikel
  2074 | D:4      | 2074 ||| RETREEEEATING.
  2078 | D:4      | 2078 ||| RETREEEEATING.
  2095 | D:4      | HP: 6/35 [Pikel/+0 whip of flaming (5)]
  2096 | D:4      | 2096 ||| READING scroll of teleportation.
  2097 | D:4      | Slain by Pikel

Levels and vault maps discovered:
D:1:      orjb1_clovarrival, layout_rooms,
          shapermc_ecumenical_altar_mp_highgroup
D:2:      layout_loops_ring, serial_shops, shop_statue, minmay_octomino_j4,
          uniq_sigmund
D:3:      layout_loops_ring, serial_shops, nicolae_shop_trees,
          gup_sewer_entry_bowl
D:4:      layout_basic, chequers_serial_rivers_room_a,
          nicolae_shop_firing_range, uniq_pikel, uniq_ijyb

Skill      XL: |  1  2  3  4  5  6 |
---------------+-------------------+-----
Ranged Weapons | 6 7 9 10 | 10.0
Fighting       | 2 |  2.0
Dodging        | |  2.6
Stealth        | |  1.2

Action                     |  1- 3 |  4- 6 || total
---------------------------+-------+-------++-------
   Fire: Shortbow          |   151 |   113 ||   264
    Use: Scroll            |     1 |     9 ||    10
 Armour: Leather armour    |    44 |       ||    44
         Scale mail        |    28 |     5 ||    33
         Ring mail         |       |    26 ||    26
  Dodge: Dodged            |    76 |    28 ||   104

Table legend:
 A = Non-vault XP
 B = Vault XP
 C = Vault XP percentage of total XP
 D = Non-vault monster count
 E = Vault monster count
 F = Vault count percentage of total count
                 A         B        C        D         E       F
            +---------+---------+-------+---------+---------+-------
      Total |     303 |     224 |  42.5 |      71 |       7 |   9.0
            +---------+---------+-------+---------+---------+-------
        D:1 |      69 |       0 |   0.0 |      38 |       0 |   0.0
        D:2 |      47 |     219 |  82.3 |      17 |       4 |  19.0
        D:3 |     172 |       5 |   2.8 |      14 |       3 |  17.6
        D:4 |      15 |       0 |   0.0 |       2 |       0 |   0.0
            +---------+---------+-------+---------+---------+-------
